 Dungeon Crawl Stone Soup version 0.14-a0-2400-gb2944a8 (webtiles) character file.

156 4tharraofdagon the Vexing (level 3, -2/14 HPs)
             Began as a Felid Enchanter on Feb 3, 2014.
             Killed by divine providence
             ... invoked by an orc priest
              (11 damage)
             ... on Level 4 of the Dungeon.
             The game lasted 00:04:14 (789 turns).

4tharraofdagon the Vexing (Felid Enchanter)          Turns: 789, Time: 00:04:15

HP  -2/14        AC  1     Str  5      XL: 3   Next: 10%
MP   8/8         EV 18     Int 13 (16) God:
Gold 124         SH  0     Dex 16      Spells:  2 memorised,  3 levels left
Lives: 0, deaths: 0

rFire  . . .     SeeInvis +       - Unarmed
rCold  . . .     Clarity  .     (armour unavailable)
rNeg   . . .     Conserve .     (shield unavailable)
rPois  .         rCorr    .     (helmet unavailable)
rElec  .         rRot     .     (cloak unavailable)
SustAb . .       Spirit   .     (gloves unavailable)
rMut   .         Warding  .     (boots unavailable)
Saprov . . .     Stasis   .     (no amulet)
MR     +....                    b - ring of protection from magic {unknown}
                                i - cursed ring of hunger

@: quick, somewhat resistant to hostile enchantments, quite stealthy
A: paw claws, no armour, no advanced items, fangs 3, see invisible, carnivore 3,
speed 1, shaggy fur 1, slow metabolism 1, jump 1
a: Jump Attack


You were on level 4 of the Dungeon.
You were very full.

You visited 1 branch of the dungeon, and saw 4 of its levels.

You collected 124 gold pieces.

Inventory:

Comestibles
 f - 2 meat rations
 g - a bread ration
Scrolls
 a - 2 scrolls of identify {unknown}
 d - a scroll of amnesia {unknown}
 h - a scroll of enchant weapon II {unknown}
 j - 2 scrolls of noise {unknown}
Jewellery
 b - a ring of protection from magic (right paw) {unknown}
 i - a cursed ring of hunger (left paw)
Books
 c - a book of Maledictions

   Spells                             Type                      Level
   *Corona                            Hexes                        1
   Sure Blade                         Hexes/Charms                 2
   *Ensorcelled Hibernation           Hexes/Ice                    2
   Confuse                            Hexes                        3
   Enslavement                        Hexes                        4
   Invisibility                       Hexes                        6


   Skills:
 - Level 3.0 Dodging
 + Level 3.5 Stealth
 * Level 1.4 Unarmed Combat
 - Level 2.2 Spellcasting
 - Level 4.9 Hexes


You had 3 spell levels left.
You knew the following spells:

 Your Spells              Type           Power        Failure   Level  Hunger
a - Corona                Hex            ##.....      3%          1    ##.....
b - Ensorcelled Hibernat  Hex/Ice        #.....       14%         2    ###....


Dungeon Overview and Level Annotations

Branches:
Dungeon (4/16)
 Temple: D:4-7

Altars:

Annotations:
D:4 wojtek's ghost, average KoAs


Innate Abilities, Weirdness & Mutations

You cannot wear armour.
You are incapable of any advanced item manipulation.
Your paws have sharp claws.
You have razor-sharp teeth.
You have supernaturally acute eyesight.
You are carnivorous and can eat meat at any time.
You cover ground quickly.
You are covered in fur (AC +1).
You have a slow metabolism.
You can jump attack at a short distance.


Message History

Put on which piece of jewellery? (? for menu, Esc to quit)
b - a glowing silver ring (right paw) {tried}
Found 16 gold pieces.
Found 3 scrolls labeled GUCKEMISTU.
Found a stone staircase leading up.
You now have 108 gold pieces (gained 9).
You now have 124 gold pieces (gained 16).
Found a scroll labeled BETUSYORAPN.
An orc, an orc wizard and a player ghost come into view.
The orc shouts!
Found two items.
An orc priest comes into view. It is wielding an orcish short sword.
An orc comes into view.
The orc priest shouts!
Wojtek's ghost turns its malevolent gaze towards you.
Wojtek's ghost hits you.
The orc priest calls down the wrath of Beogh upon you.
Something smites you!
Ouch! That really hurt!
You die...

######...................#
..#...#....................
.............>.............
...........................
..............>........<...
..........................
..........................
..#.............####......
..#.............@.# #####
..#......./.....p....#
.##...#..<..............
..#####................. ..
#........?..o.oo.. ..#
..............o.. ## ...
).......... ..!...... ...


You could see an orc priest, an orc wizard (wandering), wojtek's ghost and 2
orcs.

Vanquished Creatures
  An adder (D:3)
  A giant gecko (D:1)
  3 bats
  2 giant cockroaches (D:3)
  2 hobgoblins
  3 kobolds
  A quokka (D:3)
  A giant newt (D:1)
  4 goblins
  2 rats
20 creatures vanquished.

Notes
Turn   | Place    | Note
--------------------------------------------------------------
     0 | D:1      | 4tharraofdagon, the Felid Enchanter, began the quest for the Orb.
     0 | D:1      | Reached XP level 1. HP: 7/7 MP: 4/4
   191 | D:1      | Reached XP level 2. HP: 11/11 MP: 5/5
   445 | D:3      | Learned a level 2 spell: Ensorcelled Hibernation
   596 | D:3      | Reached XP level 3. HP: 5/14 MP: 3/8
   698 | D:3      | Noticed a wight
   698 | D:3      | Noticed a wight
   698 | D:3      | Noticed a wight
   788 | D:4      | Noticed wojtek's ghost (average KoAs)
   789 | D:4      | Killed from afar by an orc priest

Action                   || total
-------------------------++-------
Melee: Unarmed           ||   102
 Cast: Ensorcelled Hiber ||     2
 Abil: Jump Attack       ||     4
  Use: Potion            ||     6
 Stab: Sleeping          ||     4
